Map: Prion Terraces

Players

rousong - Winner!

  • Race: Zerg Zerg
  • League: Gold

Zev

  • Race: Terran Terran
  • League: Silver

VOD

Have the link to the VOD?

Description

Time

  • Played on: Dec. 15, 2015, 9:25 p.m.
  • Length: 22:17
Show
View Real Time Build Order
Export as new Build Order

rousong Zerg - Winner!

Build Orders: Hatch First 

Get SALT Encoding   

  12  0:03  Drone  
  13  0:11  Drone  
  14  0:17  Overlord  
  14  0:26  Extractor  
  14  0:27  Drone  
  15  0:37  Drone x2  
  17  0:46  Drone  
  18  0:52  Extractor  
  17  1:05  Drone  
  17  1:06  Hatchery  
  17  1:12  Drone  
  18  1:19  Spawning Pool  
  18  1:24  Drone  
  18  1:30  Drone  
  19  1:41  Overlord  
  19  2:11  Zergling x4  
  19  2:12  Queen  
  19  2:15  Zergling x2  
  24  2:18  Hatchery  
  24  2:19  Metabolic Boost  
  23  2:24  Drone  
  24  2:33  Queen  
  26  2:47  Drone x2  
  28  2:54  Zergling x6  
  28  2:55  Drone  
  32  3:11  Overlord, Zergling x2  
  33  3:19  Drone x2  
  35  3:23  Drone  
  35  3:25  Overlord  
  36  3:32  Drone x3  
  36  3:33  Drone  
  40  3:40  Queen  
  42  3:58  Drone x2  
  42  3:59  Roach Warren  
  43  4:04  Lair  
  43  4:05  Drone x2  
  43  4:06  Drone, Extractor  
  45  4:10  Drone  
  45  4:11  Drone x3  
  45  4:14  Extractor  
  45  4:16  Overlord  
  48  4:20  Drone x2  
  50  4:30  Zergling x4  
  52  4:37  Drone  
  52  4:38  Drone  
  48  4:55  Zergling x10  
  48  4:56  Zergling x2  
  48  4:59  Queen  
  55  5:01  Drone x2  
  55  5:03  Drone x2  
  55  5:04  Drone  
  60  5:08  Extractor  
  59  5:17  Roach  
  59  5:18  Roach x2  
  59  5:20  Overlord x2  
  59  5:21  Overlord  
  65  5:26  Glial Reconstitution  
  65  5:31  Infestation Pit  
  65  5:35  Roach  
  66  5:42  Drone x3  
  69  5:44  Roach x4  
  69  5:45  Roach x3  
  83  5:50  Evolution Chamber, Overlord  
  83  5:56  Evolution Chamber  
  81  5:57  Drone  
  81  5:58  Queen  
  81  6:02  Overseer  
  84  6:14  Overlord x2  
  84  6:18  Roach  
  84  6:19  Roach x2  
  84  6:20  Overlord x3  
  91  6:40  Ravager x6  
  91  6:43  Roach x3  
  91  6:44  Roach  
  98  7:06  Drone  
  98  7:07  Drone x3  
  102  7:10  Extractor  
  102  7:12  Roach x4  
  102  7:15  Drone x2  
  111  7:16  Roach x2  
  111  7:17  Roach  
  111  7:20  Hive  
  117  7:26  Zerg Missile Weapons Level 1  
  117  7:32  Spore Crawler  
  117  7:33  Drone x3  
  119  7:38  Overlord x3, Extractor  
  119  7:40  Roach x6  
  130  7:54  Hydralisk Den  
  130  7:56  Overlord x2  
  130  7:57  Overlord x2  
  129  8:00  Ravager x2  
  131  8:06  Ravager  
  132  8:19  Zergling x2  
  134  8:20  Zergling x10  
  134  8:21  Zergling x2  
  122  9:18  Pathogen Glands  
  122  9:20  Viper x3, Ultralisk Cavern  
  130  9:32  Drone x2  
  130  9:33  Drone x5  
  137  9:45  Hatchery, Zerg Ground Armor Level 1  
  136  10:25  Overlord x3  
  136  10:26  Chitinous Plating  
  136  10:29  Ultralisk  
  136  10:30  Ultralisk x3  
  160  10:43  Zergling x2  
  160  10:44  Zergling x22  
  160  10:45  Zergling x16  
  160  10:48  Adrenal Glands  
  180  11:03  Overseer  
  180  11:12  Hatchery, Ultralisk  
  180  11:13  Ultralisk  
  180  11:15  Zerg Melee Weapons Level 1  
  191  11:27  Drone x3  
  194  11:44  Infestor  
  194  11:45  Infestor  
  95  13:08  Zergling x2  
  95  13:09  Zergling x34  
  95  13:10  Zergling x2  
  95  13:20  Roach  
  95  13:21  Roach x21  
  95  13:22  Roach x6  
  142  13:43  Hydralisk x6  
  142  13:44  Hydralisk x3  
  142  13:46  Overseer x2  
  160  13:51  Muscular Augments  
  160  14:01  Extractor  
  159  14:03  Extractor  
  159  14:07  Ultralisk x4  
  159  14:08  Ultralisk  
  159  14:09  Infestor  
  190  14:20  Drone x3  
  193  14:30  Hydralisk  
  193  14:31  Hydralisk x2  
  119  15:19  Zergling x8  
  99  15:38  Spire  
  99  15:42  Hydralisk x8  
  100  15:43  Hydralisk x3  
  116  16:07  Viper x2  
  116  16:08  Viper x3  
  131  16:30  Hydralisk x9  
  149  16:54  Mutalisk  
  149  16:55  Mutalisk x3  
  153  17:41  Mutalisk x5  
  153  17:42  Mutalisk x3  
  169  17:57  Extractor  
  168  17:59  Extractor  
  167  18:58  Hydralisk x4  
  175  19:05  Zerg Missile Weapons Level 2  
  175  19:06  Zerg Ground Armor Level 2  
  66  19:41  Overseer  
  62  19:49  Ultralisk  
  62  19:50  Ultralisk x4  
  62  19:51  Zergling x2  
  62  19:52  Zergling x30  
  106  19:53  Zergling x22  
  106  19:57  Zergling x6  
  104  20:23  Zergling x16  
  104  20:24  Zergling x2  
  108  21:03  Hatchery, Extractor  
  106  21:04  Ultralisk  
  106  21:05  Ultralisk x4  
  106  21:06  Extractor  
  118  21:39  Zergling x2  
  121  21:40  Zergling x30  
Show
View Real Time Build Order
Export as new Build Order

Zev Terran 

Build Orders: Reaper Expand 

Get SALT Encoding   

  12  0:01  SCV  
  13  0:13  SCV  
  14  0:20  Supply Depot  
  14  0:25  SCV  
  15  0:42  SCV  
  16  0:44  Barracks  
  16  0:54  SCV  
  16  0:55  Refinery  
  17  1:06  SCV  
  18  1:18  SCV  
  19  1:33  Orbital Command  
  19  1:37  Reaper  
  20  1:45  Command Center  
  20  1:54  Supply Depot  
  20  2:00  SCV  
  21  2:12  SCV  
  22  2:17  Factory  
  22  2:22  Marine  
  22  2:24  SCV  
  24  2:36  SCV  
  25  2:40  Marine  
  26  2:52  SCV  
  26  2:58  Marine  
  27  3:02  Factory Tech Lab  
  27  3:03  Starport  
  27  3:05  SCV  
  29  3:16  Marine  
  29  3:17  SCV  
  29  3:18  Orbital Command  
  31  3:23  Refinery  
  31  3:29  SCV  
  31  3:34  Marine  
  32  3:41  SCV, Bunker  
  33  3:42  Barracks  
  34  3:53  SCV  
  35  4:00  Hellion, Marine  
  38  4:09  Cloaking Field  
  38  4:11  Banshee  
  38  4:15  SCV  
  38  4:16  SCV  
  43  4:18  Marine  
  43  4:20  Supply Depot x2  
  43  4:21  Hellion  
  46  4:40  Supply Depot  
  46  4:41  SCV x2, Marine  
  49  4:53  SCV  
  49  4:54  SCV  
  49  4:59  Marine  
  52  5:00  Banshee  
  55  5:08  SCV x2  
  55  5:12  Barracks Reactor  
  55  5:14  Barracks  
  57  5:16  Factory Reactor  
  57  5:20  SCV  
  59  5:25  SCV  
  59  5:28  Barracks Reactor  
  59  5:29  Refinery  
  59  5:31  Supply Depot  
  59  5:32  SCV  
  60  5:52  Liberator  
  60  5:55  Supply Depot  
  60  5:57  Marine x2  
  60  5:59  SCV x2  
  60  6:04  Supply Depot x3  
  64  6:05  Supply Depot  
  64  6:08  Barracks Tech Lab  
  67  6:11  SCV  
  67  6:15  Marine x2  
  67  6:16  Liberator  
  67  6:17  Barracks  
  70  6:18  Supply Depot  
  70  6:19  SCV  
  70  6:20  Marine x2  
  70  6:25  Siege Tank  
  76  6:27  Supply Depot  
  76  6:33  Marine x2  
  76  6:38  Marine x2  
  83  6:41  SCV x2  
  83  6:42  Marine  
  86  6:50  Marine  
  86  6:51  Marine  
  86  6:53  SCV x2  
  90  6:56  Marine x2  
  89  7:05  SCV  
  89  7:08  Marauder  
  92  7:11  Marine x2  
  92  7:13  Hellion  
  92  7:14  Marine x2  
  98  7:18  Barracks Reactor  
  98  7:19  Stimpack  
  98  7:29  Marauder, Marine x2  
  102  7:31  Marine  
  102  7:32  Marine  
  102  7:34  Hellion  
  106  7:39  SCV  
  106  7:40  Refinery  
  107  7:46  Marine  
  107  7:47  Marine  
  107  7:49  Marine x2  
  107  7:51  Marauder  
  113  7:54  Marine x2  
  113  7:55  Command Center  
  113  7:56  Hellion  
  117  8:00  Liberator x2  
  117  8:04  Marine  
  117  8:05  Marine  
  119  8:07  Marine x2  
  119  8:12  Marauder, Marine x2  
  125  8:17  Hellion  
  131  8:22  Marine x2  
  131  8:25  Marine  
  134  8:37  Marauder  
  134  8:53  Marine  
  134  8:54  Liberator  
  134  8:59  Marine x2  
  134  9:00  Marine  
  134  9:01  Marine x2  
  134  9:07  Siege Tank, Marauder  
  142  9:18  Marine x5  
  142  9:19  Marine  
  148  9:25  Orbital Command  
  148  9:36  Marine  
  149  9:50  Marine x2  
  149  10:07  SCV, Marine  
  149  10:18  Orbital Command  
  149  10:22  Supply Depot  
  149  10:43  Marine x3  
  149  10:44  Siege Tank, Marauder  
  149  10:45  Supply Depot  
  149  10:49  Liberator  
  157  11:06  SCV, Marine x4  
  157  11:08  Supply Depot  
  165  11:29  Marine x6  
  173  11:33  SCV, Supply Depot  
  172  11:43  Combat Shields  
  172  11:45  SCV  
  173  11:51  Marine x2  
  173  11:54  Marine x3  
  173  11:55  Siege Tank, Marauder  
  173  11:56  Supply Depot  
  173  12:00  Liberator  
  181  12:09  Refinery  
  181  12:10  Refinery  
  181  12:17  Marine x3  
  181  12:18  SCV x2  
  181  12:19  Supply Depot  
  181  12:22  Ghost Academy  
  189  12:23  Liberator  
  189  12:40  Marine x2  
  189  12:41  Siege Tank  
  189  12:43  Supply Depot, Liberator  
  197  12:47  Marine  
  197  12:48  Marine  
  197  12:49  Marine x2  
  197  12:50  Marauder  
  124  12:58  Marine x2  
  124  13:02  Concussive Shells  
  124  13:05  Marine  
  99  13:06  Supply Depot, Liberator, Marine  
  99  13:07  Marine x2  
  99  13:11  Marine  
  102  13:13  Siege Tank  
  102  13:16  Marine x2  
  103  13:23  Marine  
  103  13:24  Marine x2  
  103  13:25  Marine  
  104  13:30  Supply Depot  
  104  13:34  Marine x2  
  105  13:41  Marine  
  107  13:42  Marine x3  
  107  13:45  Siege Tank  
  107  13:48  Ghost  
  113  13:52  Marine x2  
  113  13:53  Supply Depot  
  117  13:59  Marine  
  117  14:00  Marine x3  
  121  14:09  Marine x2  
  121  14:15  Liberator  
  121  14:16  Supply Depot, Ghost, Marine  
  123  14:17  Siege Tank, Marine  
  123  14:18  Marine x2  
  132  14:27  Marine x2  
  134  14:34  Refinery, Marine  
  134  14:35  Marine  
  134  14:36  Marine x2  
  141  14:40  Supply Depot  
  141  14:45  Ghost, Marine x2  
  143  14:49  Siege Tank  
  143  14:52  Marine  
  142  14:53  Marine x2  
  142  14:54  Marine  
  113  15:03  Supply Depot, Marine x2  
  101  15:10  Marine  
  101  15:11  Marine x3  
  101  15:14  Ghost  
  99  15:16  Liberator x2  
  99  15:21  Siege Tank, Marine x2  
  99  15:26  Supply Depot  
  99  15:28  Marine  
  101  15:29  Marine x3  
  110  15:38  Marine x2  
  110  15:42  Ghost  
  112  15:46  Marine x2  
  112  15:47  Marine x2  
  112  15:49  Supply Depot  
  118  15:56  Marine x2  
  120  16:03  Marine  
  121  16:04  Marine  
  121  16:05  Marine x2  
  121  16:11  Marine  
  124  16:12  Supply Depot  
  124  16:14  Marine  
  126  16:27  Marine  
  126  16:29  Marauder  
  126  16:30  Marine  
  126  16:32  Marine  
  130  16:33  Marine x3  
  130  16:34  Supply Depot  
  134  16:45  Marine  
  135  16:48  Marine  
  135  16:50  Marine  
  135  16:51  Marine x3, Marauder  
  142  17:03  Marine  
  143  17:12  Marauder  
  127  17:27  Marine x2  
  129  17:42  Command Center  
  129  17:46  Marine x7  
  133  18:11  Marine  
  133  18:12  Marine x6  
  140  18:29  Marine  
  140  18:30  Marine x3  
  144  18:50  Nuke  
  144  18:56  Marine x2  
  144  18:57  Marine x3  
  149  19:23  Marine x5  
  149  19:24  Marine x2  
  107  19:41  Marine x5  
  112  19:46  Marine  
  111  19:55  Personal Cloaking  
  111  19:59  Marine  
  111  20:00  Marine x5  
  111  20:04  Marine  
  118  20:17  Marine  
  118  20:18  Marine  
  78  20:35  Marine x7  
  83  20:53  Marine x7  
  90  21:10  Marine  
  90  21:11  Marine x6  
  95  21:28  Marine  
  95  21:29  Marine x6  
  60  21:46  Marine  
  60  21:47  Marine x5  
  38  21:51  Marine  
Tags
 
Add a new tag
Caveats
  • Supply blocks, unpowered buildings, or Contaminate may cause inaccurate times.
  • Supply counts are checked every 10 seconds.